 Dungeon Crawl Stone Soup version 0.28.0 (webtiles) character file.

Game seed: 3833999423070612128

167 tizbic2 the Sneak (level 5, -6/44 HPs)
             Began as a Naga Wanderer on Feb 7, 2022.
             Killed by nerve-wracking pain
             ... invoked by Grinder
              (11 damage)
             ... on level 3 of the Dungeon.
             The game lasted 00:13:50 (1842 turns).

tizbic2 the Sneak (Naga Wanderer)                   Turns: 1842, Time: 00:13:51

Health: -6/44      AC:  9    Str: 11    XL:     5   Next: 48%
Magic:  7/7        EV:  6    Int: 14    God:
Gold:   38         SH:  5    Dex: 14    Spells: 6/6 levels left

rFire   . . .      SeeInvis +   w - +0 long sword
rCold   . . .      Faith    .   d - +0 buckler {AC+3}
rNeg    . . .      Spirit   .   j - +0 scale mail
rPois   +          Reflect  .   i - +0 helmet
rElec   .          Harm     .   (no cloak)
rCorr   .          Rampage  .   b - +0 pair of gloves
Will    .....                   (no barding)
Stlth   ++........              (no amulet)
HPRegen 0.14/turn               (no ring)
MPRegen 0.10/turn               (no ring)

@: flying, very slow
A: AC +1, large, see invisible, deformed body, poison resistance, slowness 2,
spit poison 1, naga tail 1
a: Spit Poison


You were on level 3 of the Dungeon.
You visited 1 branch of the dungeon, and saw 3 of its levels.

You collected 38 gold pieces.

Inventory:

Hand Weapons
 a - a +0 hand crossbow
 q - a +0 dagger
 w - a +0 long sword (weapon)
Missiles
 f - 48 bolts
 g - 40 stones
 s - a boomerang
Armour
 b - a +0 pair of gloves (worn)
 d - a +0 buckler of protection (worn)
 i - a +0 helmet (worn)
 j - a +0 scale mail (worn)
Magical Staves
 p - a staff of poison
Scrolls
 c - 2 scrolls of teleportation {unknown}
 n - a scroll of fear {unknown}
 r - a scroll of identify {unknown}
Potions
 h - 4 potions of mutation {unknown}
 k - a potion of curing {unknown}
 l - a potion of haste {unknown}
 m - a potion of attraction {unknown}
 o - a potion of flight


   Skills:
 - Level 1.0 Fighting
 - Level 2.2(2.3) Short Blades
 + Level 0.5(1.5) Long Blades
 + Level 0.4 Crossbows
 - Level 1.5 Dodging
 - Level 5.5 Stealth
 - Level 3.2 Shields
 * Level 1.4 Spellcasting
 + Level 2.5 Air Magic


You had 6 spell levels left.
You didn't know any spells.
Your spell library contained the following spells:

 Spells                   Type           Power      Damage    Failure   Level
 Corpse Rot               Necr/Air       8%         N/A       87%         2
 Poisonous Vapours        Pois/Air       8%         N/A       87%         2
 Sandblast                Erth           2%         2d4       89%         1
 Passwall                 Tmut/Erth      0%         N/A       96%         2
 Gell's Gravitas          Tloc           1%         N/A       99%         3
 Lesser Beckoning         Tloc           1%         N/A       99%         3
 Stone Arrow              Conj/Erth      2%         3d7       99%         3
 Teleport Other           Tloc           1%         N/A       99%         3


Dungeon Overview and Level Annotations

Branches:
Dungeon (3/15)

Altars:

Annotations:
D:3 Grinder


Innate Abilities, Weirdness & Mutations

Your serpentine skin is tough. (AC +1)
You have supernaturally acute eyesight. (SInv)
Armour fits poorly on your strangely shaped body.
Your system is resistant to poisons. (rPois)
You cover ground very slowly.
You can spit poison.
You have a snake-like lower body.


Message History

Aim: Grinder (heavily wounded, 54% to hit)
The splash of poison hits Grinder.
Grinder is severely wounded.
Grinder gestures at you. Pain shoots through your body!
You barely miss Grinder.
Grinder is severely wounded.
Grinder barely misses you.
Grinder says, "I used to sell toenails on the black market."
Grinder hits you.
You writhe in agony.
You barely miss Grinder.
Grinder is severely wounded.
Grinder hits you but does no damage.
You closely miss Grinder.
Grinder is severely wounded.
You have got your breath back.
Grinder hits you.
You writhe in agony.
* * * LOW HITPOINT WARNING * * *
Grinder blinks!
Aiming: Spit Poison (1% risk of failure)
Press: ? - help, Q - select action, (/) - cycle Shift-Dir - straight line, f/p - Grinder
Aim: Grinder (severely wounded, 54% to hit)
The splash of poison hits Grinder but does no damage.
Grinder is severely wounded.
You hit Grinder.
Grinder is severely wounded.
Grinder hits you but does no damage.
You closely miss Grinder.
Grinder is severely wounded.
You have got your breath back.
Grinder hits you.
* * * LOW HITPOINT WARNING * * *
It was a potion of flight.
You feel very buoyant.
You fly up into the air.
Grinder says, "Mostly I couldn't keep them alive."
Grinder blinks!
Grinder gestures at you. Pain shoots through your body!
You die...

[...........†.†.....#....##......
##############...#...............
# ####.....#####†..... #
###..##..#####...... #
#####.................## #
..........(.###########
.........(### ..........#
.......@..# .....5....#
..........# ###########


You could see Grinder.

Vanquished Creatures
  An orc priest (D:3)
  Jessica (D:2)
  2 orc wizards (D:3)
  An adder (D:2)
  A worm (D:3)
  A dart slug (D:3)
  3 orcs (D:3)
  2 ball pythons
  6 endoplasms
  3 giant cockroaches
  4 hobgoblins
  4 jackals (D:1)
  4 kobolds
  2 quokkas (D:1)
  2 bats
  2 frilled lizards
  3 goblins
  2 rats (D:2)
44 creatures vanquished.

Notes
Turn   | Place    | Note
-------+----------+-------------------------------------------
     0 | D:1      | tizbic2 the Naga Wanderer began the quest for the Orb.
     0 | D:1      | tizbic2 set off with the following items: a +0 dagger, a +0
                  | pair of gloves, a +0 robe, a +0 buckler of protection; and
                  | the following spells available to memorise: Corpse Rot,
                  | Poisonous Vapours
     0 | D:1      | Reached XP level 1. HP: 18/18 MP: 2/2
   105 | D:1      | Reached skill level 1 in Stealth
   151 | D:1      | Reached XP level 2. HP: 12/25 MP: 3/3
   396 | D:1      | Reached skill level 2 in Stealth
   846 | D:2      | Reached skill level 1 in Short Blades
   913 | D:2      | Noticed Jessica
   975 | D:2      | Found a faded altar of an unknown god.
   999 | D:2      | Reached XP level 3. HP: 31/31 MP: 4/4
  1005 | D:2      | Reached skill level 3 in Stealth
  1100 | D:2      | Killed Jessica
  1101 | D:2      | Reached skill level 4 in Stealth
  1101 | D:2      | Reached XP level 4. HP: 38/38 MP: 5/5
  1330 | D:3      | Reached skill level 5 in Stealth
  1340 | D:3      | Reached XP level 5. HP: 11/44 MP: 6/6
  1780 | D:3      | Noticed Grinder
  1788 | D:3      | Paralysed by Grinder for 7 turns
  1800 | D:3      | HP: 1/44 [Grinder (5)]
  1842 | D:3      | Killed from afar by Grinder

Illustrated notes

Levels and vault maps discovered:
D:1:      saegor_arrival_simple_a, layout_basic
D:2:      layout_rooms, ebering_ecumenical_altar_box, minmay_pentomino_x2,
          uniq_jessica
D:3:      layout_rooms, uniq_grinder

Skill      XL: |  1  2  3  4 |
---------------+-------------+-----
Stealth        | 1 2 4 5 |  5.5
Short Blades   | 1 2 |  2.2
Fighting       | |  1.0
Long Blades    | |  0.5
Crossbows      | |  0.4
Dodging        | |  1.5
Shields        | |  3.2
Spellcasting   | |  1.4
Air Magic      | |  2.5

Action                   |  1- 3 |  4- 6 || total
-------------------------+-------+-------++-------
Melee: Dagger            |    19 |    20 ||    39
       Scimitar          |     9 |    48 ||    57
       Spear             |     3 |       ||     3
       Long sword        |       |    24 ||    24
 Fire: Hand crossbow     |     8 |     2 ||    10
       Hunting sling     |     2 |       ||     2
 Abil: Spit Poison       |    15 |    16 ||    31
  Use: Scroll            |     3 |       ||     3
       Potion            |       |     3 ||     3
 Stab: Sleeping          |     1 |       ||     1
Armor: Robe              |    10 |       ||    10
       Ring mail         |     6 |    40 ||    46
       Scale mail        |       |    18 ||    18
Dodge: Dodged            |    14 |    41 ||    55
Block: Buckler           |     1 |    18 ||    19
